Map: Overgrowth LE (Void)

Players

Elazer - Winner!

  • Race: Zerg Zerg
  • League: Master
  • Spawn Location: 7:00

JimRising

  • Race: Zerg Zerg
  • League: Grandmaster
  • Spawn Location: 1:00

Event: NationWars IV

VOD

Have the link to the VOD?

Description

Time

  • Played on: Jan. 5, 2017, 3:48 p.m.
  • Length: 9:10
Show
View Real Time Build Order
Export as new Build Order

Elazer Zerg - Winner!

Build Orders: Pool First 

Get SALT Encoding   

  12  0:00  Drone  
  13  0:12  Overlord  
  13  0:17  Drone  
  14  0:30  Drone  
  14  0:31  Drone  
  14  0:34  Drone  
  17  0:45  Extractor, Drone  
  17  0:48  Spawning Pool  
  16  0:55  Drone  
  17  1:06  Drone  
  18  1:16  Hatchery  
  17  1:19  Drone  
  18  1:35  Queen  
  18  1:36  Zergling x2  
  21  1:46  Metabolic Boost  
  21  1:48  Overlord  
  21  1:50  Drone  
  22  2:09  Baneling Nest, Drone  
  22  2:11  Queen  
  24  2:24  Drone  
  25  2:32  Drone x2  
  27  2:43  Zergling x10  
  32  2:45  Zergling x2  
  32  2:50  Overlord  
  33  2:57  Baneling x2  
  33  2:59  Drone  
  33  3:00  Drone  
  35  3:06  Drone  
  35  3:10  Drone  
  37  3:16  Drone x2  
  37  3:17  Drone  
  37  3:19  Overlord  
  40  3:22  Drone x2  
  42  3:27  Zergling x4  
  41  3:34  Zergling x2  
  41  3:40  Spine Crawler  
  38  3:41  Queen x2  
  38  3:43  Zergling x4  
  43  3:51  Zergling x2  
  43  3:52  Zergling x4  
  42  4:02  Zergling x4  
  42  4:04  Baneling  
  42  4:05  Baneling  
  42  4:07  Zergling x2  
  42  4:08  Zergling x8  
  45  4:16  Zergling x2  
  43  4:31  Queen  
  43  4:33  Zergling x6  
  47  4:53  Drone  
  47  4:54  Drone  
  47  4:55  Drone  
  50  5:00  Hatchery  
  50  5:01  Drone  
  50  5:02  Drone  
  50  5:03  Overlord  
  50  5:23  Extractor  
  50  5:24  Drone x3  
  50  5:25  Drone x2  
  54  5:28  Roach Warren  
  54  5:30  Baneling x2  
  54  5:32  Zergling x6  
  54  5:34  Hatchery  
  53  5:49  Drone x4  
  54  6:09  Overlord x2  
  54  6:10  Overlord  
  54  6:16  Baneling  
  53  6:33  Roach x7  
  53  6:39  Overlord  
  67  6:40  Overlord  
  67  6:41  Extractor  
  66  6:51  Drone x7  
  73  6:57  Roach x3  
  79  7:04  Drone  
  78  7:09  Overlord  
  78  7:10  Roach  
  79  7:16  Overlord  
  79  7:17  Roach x2  
  79  7:19  Roach x3  
  79  7:20  Overlord  
  79  7:21  Overlord  
  88  7:23  Baneling  
  88  7:25  Ravager  
  88  7:32  Roach  
  90  7:42  Roach x3  
  96  7:48  Zergling x10  
  96  7:49  Zergling x4  
  94  7:52  Roach x3  
  94  7:54  Zergling x2  
  94  7:55  Zergling x8  
  94  7:57  Queen  
  103  8:02  Roach  
  103  8:03  Roach  
  102  8:07  Roach x2  
  95  8:13  Roach  
  95  8:17  Roach x2  
  100  8:20  Roach  
  100  8:22  Roach  
  100  8:24  Zergling x4  
  106  8:27  Zergling x2  
  106  8:28  Zergling x12  
  106  8:31  Zergling x2  
  114  8:38  Zergling x2  
  114  8:40  Ravager  
  114  8:41  Overlord  
  116  8:44  Zergling x2  
  116  8:46  Ravager  
  118  8:49  Zergling x2  
  118  8:50  Zergling x6  
  115  9:01  Ravager  
  119  9:03  Ravager  
Show
View Real Time Build Order
Export as new Build Order

JimRising Zerg 

Build Orders: Hatch First 

Get SALT Encoding   

  12  0:01  Drone  
  13  0:13  Overlord  
  13  0:19  Drone  
  14  0:32  Drone x2  
  16  0:36  Drone  
  17  0:51  Hatchery  
  17  0:55  Drone  
  17  0:58  Drone  
  17  1:01  Extractor  
  17  1:14  Spawning Pool  
  17  1:17  Drone  
  17  1:19  Drone  
  18  1:29  Drone  
  19  1:40  Overlord  
  19  1:50  Drone  
  20  2:01  Queen  
  20  2:03  Metabolic Boost, Queen  
  20  2:05  Zergling x2  
  25  2:09  Drone  
  25  2:12  Drone  
  27  2:16  Drone  
  28  2:37  Overlord  
  28  2:39  Zergling x2, Hatchery  
  28  2:43  Zergling x4  
  29  2:49  Drone x2  
  31  2:55  Zergling x2  
  32  3:00  Zergling x2  
  33  3:07  Zergling x2  
  33  3:11  Zergling x10  
  33  3:12  Zergling x4  
  41  3:23  Zergling x4  
  37  3:34  Zergling x4  
  37  3:40  Zergling x4  
  37  3:45  Zergling x12  
  43  3:53  Zergling x4  
  44  3:58  Zergling x2  
  45  4:09  Zergling x4  
  46  4:12  Zergling x2  
  46  4:14  Zergling x2  
  46  4:17  Zergling x2  
  45  4:18  Drone, Queen  
  45  4:21  Baneling Nest  
  40  4:26  Drone  
  40  4:27  Drone  
  42  4:35  Drone  
  42  4:36  Drone x2  
  45  4:50  Drone x3  
  45  4:51  Drone x2  
  49  5:02  Overlord x2  
  49  5:03  Roach Warren, Overlord  
  49  5:07  Baneling x3  
  47  5:12  Overlord  
  47  5:13  Baneling  
  47  5:20  Queen  
  43  5:22  Drone  
  43  5:23  Drone  
  45  5:30  Zergling x8  
  48  5:44  Drone  
  48  5:45  Overlord, Drone x4  
  48  5:46  Roach  
  51  6:05  Drone x8  
  59  6:11  Extractor  
  59  6:12  Baneling x2  
  59  6:14  Roach  
  60  6:22  Roach x3  
  66  6:29  Roach, Overlord  
  66  6:30  Roach  
  73  6:40  Roach x3  
  73  6:41  Overlord x2  
  75  6:50  Roach  
  75  6:51  Zergling x10  
  75  6:54  Zergling x4  
  83  7:02  Zergling x2  
  83  7:03  Queen  
  82  7:10  Roach x3  
  82  7:11  Roach x2  
  91  7:21  Roach  
  91  7:22  Zergling x8  
  97  7:25  Baneling x2  
  97  7:30  Overlord x3  
  96  7:40  Roach  
  97  7:50  Roach, Drone x4  
  97  7:51  Drone x2  
  96  7:54  Extractor  
  96  7:55  Zergling x12  
  95  7:59  Roach  
  88  8:08  Roach x3  
  81  8:17  Roach  
  81  8:18  Roach  
  73  8:20  Roach  
  73  8:23  Baneling x4  
  73  8:24  Zergling x6  
  78  8:29  Drone  
  78  8:30  Roach  
  78  8:32  Zergling x2  
  80  8:39  Roach x2  
  80  8:40  Baneling  
  84  8:43  Roach  
  84  8:44  Zergling x12  
Tags
 
Add a new tag
Caveats
  • Supply blocks, unpowered buildings, or Contaminate may cause inaccurate times.
  • Supply counts are checked every 10 seconds.